 Dungeon Crawl Stone Soup version 0.27.1-33-g824d729ab1 (webtiles) character file.

Game seed: 15730624637866513978

11957 Destapler the Blocker (level 11, -7/102 HPs)
             Began as a Minotaur Fighter on Dec 6, 2021.
             Was a Priest of Fedhas.
             Mangled by a large abomination (16 damage)
             ... in a Gauntlet.
             The game lasted 00:40:40 (12812 turns).

Destapler the Blocker (Minotaur Fighter)           Turns: 12812, Time: 00:40:40

Health: -7/102     AC: 14    Str: 30    XL:     11   Next: 56%
Magic:  12/12      EV: 10    Int:  5    God:    Fedhas [***...]
Gold:   1312       SH:  0    Dex: 11    Spells: 10/10 levels left

rFire    + + +     SeeInvis .   a - +9 dagger "Zeimnet" {freeze, rF+++ rN+ Will- rCorr Dex+2}
rCold    . . .     Faith    .   c - +0 kite shield
rNeg     + . .     Spirit   .   u - +3 ring mail
rPois    .         Reflect  +   K - +1 hat
rElec    .         Harm     .   i - +1 cloak {Will+}
rCorr    +         Rampage  .   (no gloves)
Will     ++...     NoTele   +   (no boots)
Stlth    ..........             b - amulet "Hiho" {Reflect Str+2 SH+5}
HPRegen  0.27/turn              N - ring of Quped {Will+ rCorr Str+3}
MPRegen  0.13/turn              g - ring of willpower

@: confused, ambrosia-drunk
A: horns 2, retaliatory headbutt
a: Renounce Religion, Wall of Briars, Grow Ballistomycete


You were in a Gauntlet.
You worshipped Fedhas.
Fedhas was most pleased with you.
You visited 3 branches of the dungeon, and saw 13 of its levels.
You also visited: Gauntlet.

You collected 1338 gold pieces.
You spent 26 gold pieces at shops.

Inventory:

Hand Weapons
 a - the +9 dagger "Zeimnet" (weapon) {freeze, rF+++ rN+ Will- rCorr Dex+2}
   (You found it on level 6 of the Dungeon)

   It freezes those it strikes, dealing additional cold damage.
   It can also slow down cold-blooded creatures.
   Dex:       It affects your dexterity (+2).
   rF:        It renders you almost immune to fire.
   rN:        It protects you from negative energy.
   rCorr:     It protects you from acid and corrosion.
   Will:      It decreases your willpower.
 D - a +5 scimitar of electrocution
Missiles
 d - 2 boomerangs of dispersal
 o - 2 silver boomerangs (quivered)
 p - 28 poisoned darts
 r - 9 boomerangs
 I - 7 atropa-tipped darts
Armour
 c - a +0 kite shield (worn)
 i - a +1 cloak of willpower (worn)
 u - a +3 ring mail (worn)
 w - a +0 troll leather armour
 y - +0 steam dragon scales
 K - a +1 hat (worn)
Jewellery
 b - the amulet "Hiho" (around neck) {Reflect Str+2 SH+5}
   (You acquired it on level 8 of the Dungeon)

   [amulet of reflection]

   It reflects blocked missile attacks.
   Str:       It affects your strength (+2).
   SH:        It affects your SH (+5).
 g - a ring of willpower (right hand)
 l - a +6 ring of dexterity
 q - a ring of flight
 C - the ring of Oseqos {Ice *Slow rElec rN+ Int+4}
   (You found it in a Gauntlet)

   [ring of ice]

   It enhances your ice magic.
   Int:       It affects your intelligence (+4).
   rF:        It makes you vulnerable to fire.
   rC:        It protects you from cold.
   rElec:     It insulates you from electricity.
   rN:        It protects you from negative energy.
   *Slow:     It may slow you when you take damage.
 N - the ring of Quped (left hand) {Will+ rCorr Str+3}
   (You found it in a Gauntlet)

   [ring of willpower]

   Str:       It affects your strength (+3).
   rCorr:     It protects you from acid and corrosion.
   Will:      It increases your willpower.
Wands
 t - a wand of iceblast (21)
 B - a wand of flame (45)
 H - a wand of acid (8)
Scrolls
 e - a scroll of summoning {unknown}
 h - 4 scrolls of teleportation
 k - 2 scrolls of holy word
 n - a scroll of fog
 s - 5 scrolls of fear
 x - a scroll of magic mapping
 G - 2 scrolls of enchant weapon
 M - a scroll of identify
Potions
 f - 2 potions of haste
 j - 2 potions of curing
 m - 3 potions of attraction
 v - 2 potions of lignification
 z - 2 potions of resistance
 E - a potion of heal wounds
 F - 2 potions of might
 J - a potion of mutation {unknown}
 L - a potion of degeneration {unknown}


   Skills:
 + Level 11.2 Fighting
 * Level 10.3(10.4) Short Blades
 - Level 2.6(7.7) Long Blades
 + Level 11.2 Armour
 + Level 11.3 Shields
 + Level 2.7 Invocations


You had 10 spell levels left.
You didn't know any spells.
Your spell library contained the following spells:

 Spells                   Type           Power      Damage    Failure   Level
 Pain                     Necr           0%         1d4       75%         1
 Ozocubu's Armour         Ice            0%         N/A       98%         3
 Dispel Undead            Necr           0%         3d6       100%        4
 Hailstorm                Conj/Ice       0%         3d3       100%        4


Dungeon Overview and Level Annotations

Branches:
Dungeon (10/15)            Temple (1/1) D:7            Lair (2/6) D:8
Gauntlet (1/1)
  Swamp: Lair:2-4    Shoals: Lair:2-4     Snake: Lair:2-4    Spider: Lair:2-4
    Orc: D:9-12

Altars:
Ashenzari
Cheibriados
Dithmenos
Elyvilon
Fedhas
Gozag
Hepliaklqana
Kikubaaqudgha
Makhleb
Nemelex Xobeh
Okawaru
Qazlal
Ru
Sif Muna
Trog
Uskayaw
Vehumet
Xom
Yredelemnul
Zin
The Shining One

Shops:
D:9 ?

Annotations:
Gauntlet 11 transporters, exclusion: 2 lightning spires


Innate Abilities, Weirdness & Mutations

You have a pair of horns on your head.
You reflexively headbutt those who attack you in melee.


Message History

* * * LOW HITPOINT WARNING * * *
Okay, then.
You hit the large abomination but do no damage.
The large abomination is severely damaged.
The large abomination hits you but does no damage.
You hit the large abomination but do no damage.
You headbutt the large abomination.
The large abomination is severely damaged.
You hit the large abomination but do no damage.
Your headbutt misses the large abomination.
The large abomination is severely damaged.
The large abomination hits you.
* * * LOW HITPOINT WARNING * * *
You hit the large abomination. You freeze the large abomination.
The large abomination is almost destroyed.
You hit the large abomination but do no damage.
Your headbutt misses the large abomination.
The large abomination is almost destroyed.
The large abomination barely misses you.
You furiously retaliate!
You headbutt the large abomination!
You destroy the large abomination!
Fedhas accepts your kill.
Okay, then.
You are confused.
You feel invigorated. The large abomination hits you!!
* * * LOW HITPOINT WARNING * * *
You feel much better. The large abomination hits you!!
* * * LOW HITPOINT WARNING * * *
Press: ? - help, v - describe, . - travel
Here: a large abomination (severely damaged)
The floor.
Okay, then.
Okay, then.
You see here a +2 quarterstaff of holy wrath.
The large abomination hits you but does no damage.
The large abomination hits you!!
* * * LOW HITPOINT WARNING * * *
The large abomination hits you!
You die...
Fedhas appreciates your contribution to the ecosystem.

######. ..............≈# #
.8.8.8.8.8.8.8§8 ## #
..............§≈ #8
#######.#########.##########
......#.#..≈∩≈..#.#.......≈#
......#©#.......#©#........###
###########...###########..#8#
#...#.....#...#.@.......#..###
#..#..##..#...#xX##.##..#....#
#..##..#.[#...#)##...##.#....###
#..#..##..#...#=#.§...#.###..#8#
#..##©.#8©#...#©.x.©....#©#..###
#..#..##.)#...#.#.....#.#.#..#
#..##..#.!#...#:##...##.#.#..###
#..#..##.8#...#..##.##xX#.#..#8#
#...#.....#...#........x#.#..####


You could see a large abomination, a small abomination and a lightning spire.

Vanquished Creatures
  A hydra (Lair:1)
  A two-headed ogre (D:9)
  Pikel (D:9)
  A cyclops (D:9)
  2 cane toads (Lair:2)
  An ice devil (Gauntlet)
  2 komodo dragons (Lair:1)
  2 trolls
  2 hornets (Gauntlet)
  Grinder (D:5)
  A large abomination (Gauntlet)
  5 blink frogs (Lair:2)
  12 yaks
  2 wyverns (D:9)
  2 steam dragons
  2 water moccasins
  5 orc warriors
  A sky beast (D:7)
  2 small abominations (Gauntlet)
  A necrophage (D:5)
  2 black bears
  5 ogres
  2 centaurs
  A phantom (D:6)
  2 kobold brigands
  5 bullfrogs
  2 gnoll sergeants
  A water moccasin zombie (D:5)
  4 wights
  5 lava snakes (D:9)
  3 centaur zombies
  A jelly (D:6)
  A bullfrog zombie (D:3)
  4 orc priests
  7 hounds
  A bullfrog skeleton (D:5)
  An iguana (D:5)
  10 orc wizards
  Robin (D:2)
  A howler monkey zombie (D:6)
  18 gnolls
  11 adders
  3 white imps
  An ufetubus (D:6)
  A worm (D:4)
  3 dart slugs
  58 orcs
  3 endoplasms
  2 giant cockroaches (D:1)
  9 hobgoblins
  4 jackals (D:3)
  4 quokkas
  11 ball pythons
  3 bats
  7 frilled lizards
  17 goblins
  11 kobolds
  4 rats
276 creatures vanquished.

Vanquished Creatures (collateral kills)
  A small abomination (Gauntlet)
1 creature vanquished.

Vanquished Creatures (others)
  7 fungi (Gauntlet)
  17 plants (Gauntlet)
24 creatures vanquished.

Grand Total: 301 creatures vanquished

Notes
Turn   | Place    | Note
-------+----------+-------------------------------------------
     0 | D:1      | Destapler the Minotaur Fighter began the quest for the Orb.
     0 | D:1      | Reached XP level 1. HP: 19/19 MP: 0/0
   300 | D:1      | Reached XP level 2. HP: 23/23 MP: 1/1
   753 | D:1      | Found a faded altar of an unknown god.
   838 | D:2      | Noticed Robin
   852 | D:2      | Reached XP level 3. HP: 33/33 MP: 2/2
   863 | D:2      | Killed Robin
   967 | D:2      | Reached XP level 4. HP: 38/41 MP: 3/3
  1874 | D:3      | Reached skill level 5 in Fighting
  1874 | D:3      | Reached skill level 5 in Armour
  1874 | D:3      | Reached skill level 5 in Shields
  1874 | D:3      | Reached XP level 5. HP: 39/48 MP: 4/4
  2691 | D:4      | Reached XP level 6. HP: 48/56 MP: 5/5
  3533 | D:5      | Entered Level 5 of the Dungeon
  3536 | D:5      | Noticed Grinder
  3551 | D:4      | Reached XP level 7. HP: 38/63 MP: 6/6
  4049 | D:5      | Paralysed by Grinder for 3 turns
  4064 | D:5      | Paralysed by Grinder for 5 turns
  4072 | D:5      | Killed Grinder
  4073 | D:5      | Reached XP level 8. HP: 63/73 MP: 7/7
  5124 | D:6      | Identified the +9 dagger "Zeimnet" {freeze, rF+++ rN+ Will-
                  | rCorr Dex+2}
  5169 | D:5      | HP: 3/74 [ogre (19)]
  5533 | D:6      | Reached skill level 1 in Short Blades
  6368 | D:7      | Reached XP level 9. HP: 71/82 MP: 8/8
  6656 | D:7      | Found a staircase to the Ecumenical Temple.
  7373 | Temple   | Entered the Ecumenical Temple
  7678 | Temple   | Became a worshipper of Fedhas Madash
  8382 | D:8      | Reached * piety under Fedhas
  8483 | D:8      | Identified 3 scrolls of acquirement
  8484 | D:8      | Acquired a +1 cloak of willpower
  8537 | D:8      | Found a staircase to the Lair.
  8621 | D:8      | Reached skill level 5 in Short Blades
  9186 | D:9      | Noticed Pikel
  9197 | D:9      | Killed Pikel
  9287 | D:8      | Acquired 657 gold pieces
  9288 | D:8      | Acquired the amulet "Hiho" {Reflect Str+2 SH+5}
  9347 | D:9      | Noticed a troll
  9362 | D:9      | Reached ** piety under Fedhas
  9368 | D:9      | Reached XP level 10. HP: 90/92 MP: 9/9
  9453 | D:9      | Got Ukhlurup's Volume of Unholy Secrets and the Snowflakes
  9798 | D:9      | Noticed a two-headed ogre
  9798 | D:9      | Noticed a cyclops
  9841 | D:9      | Reached skill level 10 in Shields
  9854 | D:9      | Reached skill level 10 in Armour
  9857 | D:9      | Reached skill level 10 in Fighting
  9867 | D:9      | Killed a two-headed ogre
  9874 | D:9      | Killed a cyclops
 10218 | D:9      | Found Eloa's Magic Scroll Shoppe.
 10221 | D:9      | Bought a scroll of identify for 26 gold pieces
 10464 | D:10     | Entered Level 10 of the Dungeon
 10739 | Lair:1   | Entered Level 1 of the Lair of Beasts
 11073 | Lair:1   | Reached XP level 11. HP: 77/101 MP: 10/10
 11248 | Lair:1   | Noticed a six-headed hydra
 11259 | Lair:1   | Killed a six-headed hydra
 11364 | Lair:1   | Reached *** piety under Fedhas
 11365 | Lair:1   | Reached skill level 1 in Invocations
 11813 | Lair:2   | Reached skill level 10 in Short Blades
 11982 | Lair:2   | Found a gate leading to a gauntlet.
 11989 | Gauntlet | Entered a Gauntlet
 11989 | Gauntlet | Found a transporter.
 11989 | Gauntlet | Found a transporter.
 12000 | Gauntlet | Noticed a soul eater
 12121 | Gauntlet | Found a transporter.
 12121 | Gauntlet | Found a transporter.
 12123 | Gauntlet | Noticed a sixfirhy
 12131 | Gauntlet | Found a transporter.
 12141 | Gauntlet | Found a transporter.
 12141 | Gauntlet | Found a transporter.
 12148 | Gauntlet | Noticed a large abomination
 12159 | Gauntlet | Found a transporter.
 12166 | Gauntlet | Found a transporter.
 12178 | Gauntlet | Found a transporter.
 12196 | Gauntlet | Found a transporter.
 12206 | Gauntlet | Found a transporter.
 12252 | Gauntlet | Found a transporter.
 12271 | Gauntlet | Found a transporter.
 12369 | Gauntlet | Found a transporter.
 12371 | Gauntlet | Noticed a tengu warrior
 12385 | Gauntlet | Found a transporter.
 12513 | Gauntlet | Identified the ring of Quped {Will+ rCorr Str+3}
 12538 | Gauntlet | Paralysed by a hornet for 1 turns
 12548 | Gauntlet | Paralysed by a hornet for 2 turns
 12558 | Gauntlet | Identified the ring of Oseqos {Ice *Slow rElec rN+ Int+4}
 12805 | Gauntlet | HP: 5/102 [large abomination (30)]
 12811 | Gauntlet | HP: 5/102 [large abomination (27)]
 12812 | Gauntlet | Mangled by a large abomination

Illustrated notes

Levels and vault maps discovered:
D:1:      heliophobic_arrival_glass_houses, layout_rooms,
          shapermc_ecumenical_altar_acropolis
D:2:      layout_basic, uniq_robin
D:3:      layout_loops_ring
D:4:      layout_loops_ring
D:5:      layout_cave_pools, st_stairs_5, uniq_grinder
D:6:      layout_basic, item_on_display_a
D:7:      layout_layer_cave, minmay_temple_entry_drinking_statues
D:8:      layout_loops_ring, lair_entry_dummy, special_room [special_room_orc]
D:9:      kennysheep_big_flooded_room, layout_loops_cross, serial_shops,
          kennysheep_mini_moat, minivault_22, serial_bayou_pond_a, uniq_pikel
D:10:     layout_roguey, lemuel_round_altar, uniq_erica
Temple:   roderic_octagonal_lattice_temple
Lair:1:   layout_cave_pods, grunt_megastairs_3, infiniplex_staircase_pool_2
Lair:2:   layout_loops_ring, dummy_spider_entry, gauntlet_entry_generic,
          lemuel_fruit_tree, grunt_megastairs_5, serial_bayou_shore_b,
          lemuel_fruit_fields
Gauntlet: gammafunk_gauntlet_branching [nicolae_gauntlet_arena_quarters,
          nicolae_gauntlet_arena_t_cross, gammafunk_gauntlet_arena_chambers,
          gammafunk_gauntlet_arena_hedges, nicolae_gauntlet_arena_flowing_pool,
          nicolae_gauntlet_swirl, gammafunk_gauntlet_arena_split_diamond,
          gammafunk_gauntlet_arena_teeth, gauntlet_exit_spiral]

Skill      XL: |  1  2  3  4  5  6  7  8  9 10 11 |
---------------+----------------------------------+-----
Shields        | 4 5 6 7 8 9 10 11 | 11.3
Fighting       | 4 5 6 7 8 9 10 11 | 11.2
Armour         | 4 5 6 7 8 9 10 11 | 11.2
Short Blades   | 3 6 9 10 | 10.3
Invocations    | 2 |  2.7
Long Blades    | |  2.6

Action                   |  1- 3 |  4- 6 |  7- 9 | 10-12 || total
-------------------------+-------+-------+-------+-------++-------
Melee: Long sword        |    18 |       |       |       ||    18
       Dagger            |    82 |   184 |   340 |   245 ||   851
       Headbutt          |     5 |    40 |    83 |    60 ||   188
Throw: Dart              |       |       |    10 |     2 ||    12
       Throwing net      |       |       |     1 |       ||     1
       Boomerang         |       |       |       |    25 ||    25
Invok: Wall of Briars    |       |       |       |     2 ||     2
  Use: Potion            |     4 |     1 |     3 |     4 ||    12
       Scroll            |       |       |    19 |     2 ||    21
Armor: Scale mail        |    56 |    62 |   114 |    13 ||   245
       Ring mail         |       |       |       |    22 ||    22
Dodge: Dodged            |    25 |    44 |    89 |    37 ||   195
Block: Kite shield       |    55 |    93 |   217 |   179 ||   544
       Reflection        |       |       |       |    11 ||    11
       Rpst.: Long sword |     2 |       |       |       ||     2
